 Dungeon Crawl Stone Soup version 0.30-a0-1053-gbd8d5ba0ad (webtiles) character file.

Game seed: 2565217627568462848

90878 cforsyth the Zephyrmancer (level 16, -4/110 HPs)
             Began as an Octopode Summoner on Apr 12, 2023.
             Was an Initiate of Gozag.
             Slain by a meliai
             ... wielding a +0 hand axe
              (16 damage)
             ... on level 14 of the Dungeon.
             The game lasted 01:18:20 (31675 turns).

cforsyth the Zephyrmancer (Octopode Summoner)      Turns: 31675, Time: 01:18:21

Health: -4/110     AC:  2    Str:  8    XL:     16   Next: 1%
Magic:  18/40      EV: 17    Int: 29    God:    Gozag
Gold:   2344       SH:  0    Dex: 13    Spells: 1/37 levels left

rFire   . . .      SeeInvis .    M - +1 scimitar "Liluu" {heavy, *Rage rPois Int+5}
rCold   . . .      Faith    .    (no shield)
rNeg    + . .      Spirit   .    K - +1 hat
rPois   +          Reflect  .    n - amulet of the acrobat
rElec   .          Rampage  .    p - ring of positive energy
rCorr   +          Rage     20%  g - ring of poison resistance
Will    +....                    D - ring of fire
Stlth   +++                      w - ring of resist corrosion
HPRegen 0.38/turn                P - ring of magical power
MPRegen 0.27/turn                C - ring of ice
                                 U - ring of flight
                                 (no ring)

@: forested, gold aura, flying
A: almost no armour, amphibious, 8 rings, camouflage 1, gelatinous body 1,
(nimble swimmer 1), tentacles
a: Renounce Religion, Potion Petition, Call Merchant, Bribe Branch


You were on level 14 of the Dungeon.
You worshipped Gozag.
Gozag was most pleased with you.
You visited 4 branches of the dungeon, and saw 22 of its levels.
You also visited: Bailey, Ice Cave and Volcano.

You collected 8560 gold pieces.
You spent 622 gold pieces at shops.
You paid 5594 gold pieces to Gozag.

Inventory:

Hand Weapons
 G - the +4 mace "Etiem" {heavy, rCorr}
   (You found it on level 8 of the Dungeon)

   rCorr:     It protects you from acid and corrosion.
 M - the +1 scimitar "Liluu" (weapon) {heavy, *Rage rPois Int+5}
   (You found it on level 2 of the Lair of Beasts)

   Int:       It affects your intelligence (+5).
   rPois:     It protects you from poison.
   *Rage:     It berserks you when you make melee attacks (+20% chance).
Missiles
 u - 17 throwing nets
Armour
 K - a +1 hat (worn)
Jewellery
 g - a ring of poison resistance (right tentacle)
 n - an amulet of the acrobat (around mantle)
 p - a ring of positive energy (left tentacle)
 w - a ring of resist corrosion (on tentacle)
 C - a ring of ice (on tentacle)
 D - a ring of fire (on tentacle)
 P - a ring of magical power (on tentacle)
 T - an amulet of guardian spirit
 U - a ring of flight (on tentacle)
 X - a ring of ice
Wands
 d - a wand of roots (2)
 q - a wand of flame (31)
 s - a wand of mindburst (5)
 E - a wand of charming (23)
 F - a wand of polymorph (17)
 O - a wand of digging (4)
Scrolls
 e - a scroll of enchant weapon {unknown}
 h - 4 scrolls of immolation {unknown}
 r - a scroll of noise {unknown}
 v - 5 scrolls of teleportation
 x - 3 scrolls of fog {unknown}
 y - 3 scrolls of vulnerability {unknown}
 H - 5 scrolls of poison {unknown}
 I - a scroll of identify
 J - 3 scrolls of blinking {unknown}
 L - 3 scrolls of brand weapon {unknown}
 Q - 2 scrolls of torment
 R - a scroll of summoning
 S - a scroll of silence
 V - a scroll of amnesia {unknown}
 W - a scroll of enchant armour {unknown}
Potions
 a - 5 potions of magic
 b - 4 potions of brilliance
 c - 9 potions of curing
 f - 6 potions of resistance
 i - 2 potions of flight
 j - 3 potions of berserk rage
 k - 9 potions of heal wounds
 l - 8 potions of might
 m - 4 potions of invisibility
 o - 7 potions of attraction
 t - 2 potions of cancellation
 z - 6 potions of haste
 A - 5 potions of lignification
 B - 4 potions of mutation
 N - 10 potions of ambrosia


   Skills:
 - Level 10.4 Fighting
 - Level 10.6 Dodging
 - Level 2.6 Stealth
 - Level 11.0 Spellcasting
 - Level 3.0 Hexes
 - Level 12.1 Summonings
 - Level 4.0 Translocations
 + Level 12.2 Transmutations
 + Level 12.9 Air Magic


You had one spell level left.
You knew the following spells:

 Your Spells              Type           Power      Damage    Failure   Level
a - Storm Form            Tmut/Air       36%        N/A       16%         7
b - Call Imp              Summ           100%       N/A       1%          2
c - Call Canine Familiar  Summ           72%        N/A       1%          3
d - Summon Guardian Gole  Hex/Summ       56%        N/A       1%          3
e - Summon Lightning Spi  Summ/Air       73%        N/A       1%          4
f - Summon Forest         Summ/Tloc      29%        N/A       3%          5
g - Summon Cactus Giant   Summ           36%        N/A       3%          6
h - Summon Mana Viper     Hex/Summ       56%        N/A       4%          5
i - Summon Small Mammal   Summ           100%       N/A       1%          1

Your spell library contained the following spells:

 Spells                   Type           Power      Damage    Failure   Level
 Apportation              Tloc           78%        N/A       1%          1
 Sting                    Tmut/Pois      100%       1d8       1%          1
 Necrotise                Necr           64%        1d7       3%          1
 Blink                    Tloc           78%        N/A       1%          2
 Cigotuvi's Dreadful Rot  Necr/Pois/Air  82%        N/A       1%          2
 Lesser Beckoning         Tloc           78%        N/A       1%          2
 Poisonous Vapours        Pois/Air       100%       N/A       1%          2
 Momentum Strike          Conj/Tloc      54%        3d9       2%          2
 Ice Form                 Ice/Tmut       67%        N/A       2%          4
 Scorch                   Fire           48%        2d7       4%          2
 Manifold Assault         Tloc           39%        N/A       6%          4
 Hailstorm                Conj/Ice       24%        3d7       10%         3
 Stone Arrow              Conj/Erth      32%        3d9       10%         3
 Dispel Undead            Necr           16%        3d10      32%         4
 Olgreb's Toxic Radiance  Pois           16%        N/A       32%         4
 Conjure Ball Lightning   Conj/Air       26%        3x3d7     36%         6
 Fireball                 Conj/Fire      12%        3d7       67%         5
 Iskenderun's Battlesphe  Conj           16%        2d7       67%         5
 Spellforged Servitor     Conj/Summ      25%        N/A       94%         7
 Death Channel            Necr           8%         N/A       99%         6
 Orb of Destruction       Conj           8%         9d6       100%        7
 Lehudib's Crystal Spear  Conj/Erth      8%         10d3      100%        8
 Animate Armour           Summ/Erth      Unusable   N/A       N/A         4
 Simulacrum               Ice/Necr       Unusable   N/A       N/A         6

Dungeon Overview and Level Annotations

Branches:
Dungeon (14/15)            Temple (1/1) D:4            Lair (5/5) D:10
 Shoals (0/4) Lair:2       Spider (0/4) Lair:2        Slime (0/5) Lair:5
    Orc (2/2) D:9             Elf (0/3) Orc:2        Bailey (visited)
  IceCv (visited)         Volcano (visited)
 Vaults: D:13-14

Altars:
Ashenzari
Cheibriados
Dithmenos
Elyvilon
Fedhas
Gozag
Hepliaklqana
Kikubaaqudgha
Makhleb
Nemelex Xobeh
Okawaru
Qazlal
Ru
Sif Muna
Trog
Uskayaw
Vehumet
Wu Jian
Xom
Yredelemnul
Zin
The Shining One

Shops:
D:2 (   D:8 (   Orc:2 *=((   Lair:1 =(:[*=

Annotations:
D:10 2 transporters
D:12 1 runed translucent door
D:13 2 transporters, NeonRainbow's ghost, journeyman OpBr
Orc:1 2 transporters, Pasanog's ghost, journeyman GrMo


Innate Abilities, Weirdness & Mutations

You cannot wear most types of armour.
You are amphibious.
You can wear up to eight rings at the same time.
Your skin changes colour to match your surroundings (Stealth+).
Your rubbery body absorbs attacks. (AC +1, EV +1)
((You are camouflaged when in or above water. (Stealth+)))
You have tentacles for arms and can constrict up to eight enemies at once.


Message History

The meliai stings your mana viper.
The meliai hits your mana viper with a +0 hand axe!
The meliai hits your warg with a +0 hand axe.
The meliai closely misses your dryad. The meliai stings your mana viper.
Your warg closely misses the meliai.
Your mana viper bites the meliai but does no damage.
The meliai hits your mana viper with a +0 hand axe!!
The meliai closely misses your warg.
The meliai hits your dryad with a +0 hand axe!
The meliai misses your mana viper.
The meliai closely misses your mana viper.
The meliai hits your dryad with a +0 war axe!
The meliai stings your mana viper!
Your mana viper dies!
Your mana viper disappears in a puff of smoke!
Your dryad hits the meliai.
Unknown command.
Unknown command.
Casting: Call Canine Familiar (safe; 1% risk of failure)
Confirm with . or Enter, or press ? or * to list all spells.
A mana viper appears with a sibilant hiss.
You feel roots moving beneath the ground.
Your warg dies!
Your warg's corpse disappears in a puff of smoke!
The meliai invokes the aid of its god against you.
Something smites you!
* * * LOW HITPOINT WARNING * * *
The meliai hits you with a +0 hand axe!
* * * LOW HITPOINT WARNING * * *
The meliai misses your dryad.
The meliai hits your cactus giant with a +0 hand axe.
The meliai closely misses you.
You feel much better.
A root smacks the meliai from below!
The meliai dies!
The meliai calls down the wrath of its god upon you.
Something smites you!
* * * LOW HITPOINT WARNING * * *
The meliai hits you with a +0 hand axe!
You die...
Your body crumbles into a pile of gold.

. .. ♣♣... ♣#
.....
#.#♣#.♣#♣..♣.##
........S..#..
..~~~~~@#♣ #.#
....?.~y$#♣#.#
..~~~~§CR....♣
..~~~~$..##♣.♣
.....~.♣.....#
#
.......♣.♣♣.##
# #.###.♣♣.##.#
# #. #.....#.##
# ## #..#..## #


You could see a meliai (ally target), a friendly dryad (summoned), a friendly
mana viper (summoned) and a friendly cactus giant (summoned).

Vanquished Creatures
  A cane toad (Lair:2)
  A blink frog (Lair:2)
  A wyvern (Lair:2)
  A yak (Lair:2)
  A warg (Lair:5)
  A bullfrog (Lair:2)
  2 orc wizards
  A gnoll (D:8)
  An adder (D:4)
  8 orcs
  A hobgoblin (D:1)
  3 ball pythons
  A kobold (D:10)
23 creatures vanquished.

Vanquished Creatures (collateral kills)
  A frost giant (IceCv)
  Snorg (Orc:1)
  Harold (Orc:1)
  2 hydras (Lair:3)
  An ice dragon (Orc:2)
  5 centaur warriors
  2 ogre magi (Orc:2)
  A boulder beetle (D:12)
  A death knight (D:12)
  14 two-headed ogres
  13 death yaks
  Sonja (Orc:1)
  2 deep trolls (Orc:2)
  A lindwurm (Lair:3)
  An orc knight (Orc:1)
  A wolf spider (Lair:5)
  An orc sorcerer (Orc:1)
  2 ugly things (D:12)
  2 cyclopes (Orc:2)
  An oklob plant (Lair:3)
  A guardian serpent (Lair:5)
  6 elephants (Lair:5)
  7 black mambas
  An ice statue (IceCv)
  A gargoyle (Volcano)
  15 cane toads
  Joseph (D:7)
  A kobold demonologist (D:13)
  6 komodo dragons
  An efreet (Volcano)
  7 rime drakes
  2 tengu conjurers (D:13)
  9 trolls
  2 meliai (D:14)
  16 polar bears
  A queen bee (Lair:2)
  2 hornets (Lair:5)
  4 blink frogs
  A raiju (Lair:5)
  15 dream sheep
  Sigmund (D:2)
  4 slime creatures (D:13)
  55 yaks
  10 wyverns
  3 nameless horrors
  2 fire elementals (Volcano)
  2 basilisks
  3 redbacks (Lair:5)
  5 steam dragons
  8 vampire mosquitoes
  9 wargs
  2 acid dragons
  24 water moccasins
  14 hell hounds (Lair:5)
  22 orc warriors
  An ice beast (D:8)
  2 sky beasts
  12 black bears
  22 ogres
  21 wolves
  5 centaurs
  9 kobold brigands
  5 bullfrogs
  3 gnoll sergeants (D:8)
  2 scorpions
  A wight (D:7)
  25 killer bees
  An electric eel (Lair:4)
  A howler monkey (D:6)
  A jelly (D:5)
  9 hounds
  10 orc priests
  3 sleepcaps
  2 gnoll boudas (D:8)
  4 iguanas
  23 orc wizards
  13 hell rats
  Robin (D:2)
  31 gnolls
  4 adders
  A white imp (D:8)
  2 ufetubi
  2 worms (D:2)
  A dart slug (D:2)
  68 orcs
  3 endoplasms
  7 hobgoblins
  4 jackals (D:8)
  2 quokkas
  4 ball pythons
  4 bats
  2 frilled lizards
  14 goblins
  29 kobolds
  4 rats
675 creatures vanquished.

Vanquished Creatures (others)
  A death yak (Lair:5)
  A two-headed ogre (D:12)
  2 ugly things
  A manticore (Lair:2)
  A gargoyle (D:11)
  A rime drake (IceCv)
  2 komodo dragons
  2 trolls
  2 polar bears (IceCv)
  A wind drake (Lair:2)
  2 blink frogs (Lair:2)
  A shadow (D:13)
  2 yaks (Lair:5)
  3 vampire mosquitoes (D:12)
  Edmund (D:6)
  2 ice beasts
  An orc warrior (D:9)
  A wolf (IceCv)
  A centaur (D:6)
  An ogre (D:7)
  A kobold brigand (Bailey)
  A gnoll sergeant (D:8)
  3 wights (D:7)
  4 killer bees (D:10)
  An iguana (D:6)
  A sleepcap (D:5)
  A hell rat (Lair:2)
  3 orcs (D:9)
  A bush (Lair:5)
  45 fungi
  85 plants
  12 snaplasher vines
187 creatures vanquished.

Grand Total: 885 creatures vanquished

Notes
Turn   | Place    | Note
-------+----------+-------------------------------------------
     0 | D:1      | cforsyth the Octopode Summoner began the quest for the Orb.
     0 | D:1      | Reached XP level 1. HP: 11/11 MP: 3/3
   623 | D:1      | Reached XP level 2. HP: 4/17 MP: 1/5
   730 | D:2      | Noticed Sigmund
   770 | D:2      | Learned a level 2 spell: Call Imp
  1109 | D:2      | Found Zeamavil's Weapon Emporium.
  1193 | D:2      | Killed Sigmund
  1194 | D:2      | Reached skill level 5 in Summonings
  1194 | D:2      | Reached XP level 3. HP: 16/21 MP: 0/8
  1194 | D:2      | Reached XP level 4. HP: 20/27 MP: 0/9
  1194 | D:2      | Reached XP level 5. HP: 23/31 MP: 0/10
  1291 | D:2      | Learned a level 3 spell: Call Canine Familiar
  1295 | D:2      | Learned a level 3 spell: Summon Guardian Golem
  1328 | D:2      | Noticed Robin
  1394 | D:2      | Killed Robin
  1659 | D:3      | Reached XP level 6. HP: 36/36 MP: 7/12
  1791 | D:3      | Reached skill level 1 in Hexes
  2258 | D:3      | Found a basalt altar of Yredelemnul.
  2814 | D:3      | Got the Compendium of Assembled Accelerants
  3088 | D:3      | Learned a level 4 spell: Summon Lightning Spire
  3529 | D:4      | Reached skill level 1 in Air Magic
  3781 | D:4      | Found a staircase to the Ecumenical Temple.
  3796 | Temple   | Entered the Ecumenical Temple
  3882 | Temple   | Became a worshipper of Gozag Ym Sagoz the Greedy
  3973 | D:4      | Reached XP level 7. HP: 41/41 MP: 3/13
  4484 | D:5      | Entered Level 5 of the Dungeon
  4786 | D:5      | Found an ornate altar of the Wu Jian Council.
  4873 | D:5      | Reached skill level 5 in Spellcasting
  4971 | D:5      | Found a broken altar of Ashenzari.
  5003 | D:5      | Found a sparkling altar of Nemelex Xobeh.
  5168 | D:5      | Reached XP level 8. HP: 22/46 MP: 4/15
  5526 | D:6      | Found a white marble altar of Elyvilon.
  5949 | D:6      | Noticed Edmund
  5966 | D:6      | Killed Edmund
  7325 | D:6      | Found a sacrificial altar of Ru.
  7545 | D:7      | Noticed Joseph
  7548 | D:7      | Reached XP level 9. HP: 51/51 MP: 0/18
  8126 | D:7      | Killed Joseph
  9524 | D:8      | Noticed a two-headed ogre
  9540 | D:8      | Killed a two-headed ogre
  9541 | D:8      | Reached skill level 10 in Summonings
  9541 | D:8      | Reached XP level 10. HP: 56/56 MP: 11/22
  9699 | D:8      | Found Zirrak's Weapon Boutique.
 10118 | D:8      | Identified the +4 mace "Etiem" {heavy, rCorr}
 10523 | D:8      | Found a shimmering blue altar of Sif Muna.
 10523 | D:8      | Found a blossoming altar of Fedhas.
 11293 | D:9      | Found a staircase to the Orcish Mines.
 11496 | D:9      | You fall into a shaft and drop 1 floor!
 11496 | D:10     | Entered Level 10 of the Dungeon
 11553 | D:10     | Found a transporter.
 11633 | D:10     | Found a flagged portal.
 11697 | Bailey   | Entered a bailey
 11861 | Bailey   | Reached skill level 10 in Spellcasting
 12090 | Bailey   | Found a bloodstained altar of Trog.
 12365 | D:10     | Reached XP level 11. HP: 61/61 MP: 23/25
 12450 | D:10     | Noticed a centaur warrior
 12490 | D:10     | Killed a centaur warrior
 12566 | D:10     | Found a transporter.
 12746 | D:10     | Reached skill level 1 in Fighting
 12846 | D:10     | Found a burning altar of Makhleb.
 12859 | D:10     | Found a glowing golden altar of the Shining One.
 12863 | D:10     | Found a shadowy altar of Dithmenos.
 12863 | D:10     | Found an ancient bone altar of Kikubaaqudgha.
 12876 | D:10     | Found a glowing silver altar of Zin.
 12986 | D:10     | Found a staircase to the Lair.
 13670 | D:11     | Noticed a green ugly thing
 13686 | D:11     | Killed a green ugly thing
 14376 | D:12     | Noticed a two-headed ogre
 14385 | D:12     | Killed a two-headed ogre
 14567 | D:12     | Noticed a two-headed ogre
 14577 | D:12     | Killed a two-headed ogre
 14681 | D:12     | Noticed a red ugly thing
 14693 | D:12     | Killed a red ugly thing
 14817 | D:12     | Reached skill level 5 in Dodging
 14865 | D:12     | Noticed a two-headed ogre
 14879 | D:12     | Killed a two-headed ogre
 14966 | D:12     | Identified the +9 flail "Meroegg" {freeze, Drain Int+5
                  | Dex+8 Stlth-}
 15028 | D:12     | Noticed a boulder beetle
 15053 | D:12     | Killed a boulder beetle
 15054 | D:12     | Reached skill level 5 in Fighting
 15148 | D:12     | Noticed a two-headed ogre
 15155 | D:12     | Killed a two-headed ogre
 15156 | D:12     | Reached XP level 12. HP: 57/79 MP: 6/26
 15379 | D:12     | Noticed a centaur warrior
 15587 | D:12     | Learned a level 5 spell: Summon Forest
 15699 | D:12     | Noticed a death knight
 15961 | Lair:1   | Entered Level 1 of the Lair of Beasts
 15980 | Lair:1   | Reached skill level 1 in Translocations
 17014 | Lair:1   | Bought a book of the Wilderness for 570 gold pieces
 17021 | Lair:1   | Learned a level 6 spell: Summon Cactus Giant
 17027 | Lair:1   | Learned a level 5 spell: Summon Mana Viper
 17028 | Lair:1   | Bought a scroll of identify for 30 gold pieces
 17059 | Lair:2   | Identified the +1 scimitar "Liluu" {heavy, *Rage rPois
                  | Int+5}
 17088 | Lair:2   | Identified the +5 rapier "Sebb" {venom, rPois}
 17289 | Lair:2   | Found a staircase to the Shoals.
 17493 | Lair:2   | Found a hole to the Spider Nest.
 18368 | Lair:2   | Reached XP level 13. HP: 90/90 MP: 18/27
 18935 | Lair:3   | Reached skill level 10 in Dodging
 19064 | Lair:3   | Found a dark tunnel.
 19088 | Volcano  | Entered a volcano
 19246 | Volcano  | Reached skill level 10 in Fighting
 20365 | Lair:4   | Reached skill level 1 in Transmutations
 20674 | Lair:4   | Found a stormy altar of Qazlal.
 21210 | Lair:4   | Reached skill level 5 in Air Magic
 21576 | Lair:5   | Entered Level 5 of the Lair of Beasts
 22254 | Lair:5   | Reached skill level 5 in Transmutations
 22256 | Lair:5   | Reached XP level 14. HP: 79/99 MP: 10/28
 25006 | Lair:5   | Found a staircase to the Slime Pits.
 25435 | Orc:1    | Entered Level 1 of the Orcish Mines
 25435 | Orc:1    | Noticed Sonja
 25444 | Orc:1    | Killed Sonja
 25801 | Orc:1    | Found a transporter.
 25817 | Orc:1    | Noticed Pasanog's ghost (journeyman GrMo)
 25820 | Orc:1    | Found a transporter.
 25939 | Orc:2    | Entered Level 2 of the Orcish Mines
 25971 | Orc:2    | Reached skill level 10 in Air Magic
 26147 | Orc:2    | Found a staircase to the Elven Halls.
 26209 | Orc:2    | Reached XP level 15. HP: 72/105 MP: 3/29
 26239 | Orc:2    | Found Weifak's Weapon Boutique.
 26265 | Orc:2    | Found Fexur's Assorted Antiques.
 26273 | Orc:2    | Found Boli Efea's Antique Weapon Shoppe.
 26318 | Orc:2    | Reached skill level 10 in Transmutations
 26339 | Orc:2    | Found a frozen archway.
 26482 | IceCv    | Entered an ice cave
 26971 | IceCv    | Noticed a frost giant
 26986 | IceCv    | Killed a frost giant
 27894 | Orc:2    | Found Plog's Jewellery Shop.
 27920 | Orc:2    | Bought a scroll labelled KYIKKI UHEFUNA for 22 gold pieces
 28552 | Orc:1    | Noticed Snorg
 28555 | Orc:1    | Noticed Harold
 28557 | Orc:1    | Killed Snorg
 28564 | Orc:1    | Killed Harold
 29199 | D:12     | Found a runed translucent door.
 29199 | D:12     | Noticed a fire giant
 29205 | D:12     | Noticed a storm dragon
 29205 | D:12     | Noticed a tengu reaver
 29205 | D:12     | Noticed a storm dragon
 30269 | D:13     | Noticed NeonRainbow's ghost (journeyman OpBr)
 30702 | D:13     | Found a transporter.
 30704 | D:13     | Found a transporter.
 31458 | D:13     | Reached XP level 16. HP: 110/110 MP: 31/31
 31594 | D:13     | Learned a level 7 spell: Storm Form
 31675 | D:14     | Slain by a meliai

Illustrated notes

Levels and vault maps discovered:
D:1:      dpeg_arrival_water_temple_mockup, layout_basic
D:2:      layout_rooms, serial_shops, nicolae_shop_bloodbath_and_beyond,
          uniq_robin, uniq_sigmund
D:3:      layout_basic, mainiacjoe_overflow_surrounded_room, skrybe_limestone_x,
          bh_walls_and_bars
D:4:      layout_basic, minmay_temple_entry_antechambers,
          kennysheep_generic_room_3
D:5:      layout_loops_ring, lemuel_round_altar, mainiacjoe_overflow_two_lobes
D:6:      layout_layer_cave, mainiacjoe_overflow_concentric_impassable,
          nicolae_ru_the_path_less_chosen, kennysheep_generic_room_13,
          uniq_edmund
D:7:      layout_gridville, minmay_misc_feat_tiny, corexii_corridor_pit,
          uniq_joseph
D:8:      layout_cave_pools, gammafunk_temple_overflow_pools, serial_gnoll_camp,
          gnoll_camp_mini_loothouse, gnoll_camp_mini_hut, gnoll_camp_mini_basic,
          gnoll_camp_huts_moat, gnoll_camp_medium_01, serial_shops,
          nicolae_square_shop
D:9:      layout_loops_cross, david_orc_5, serial_park_tiny_1
D:10:     gammafunk_worm_tunnel, layout_basic, minmay_overflow_temple_star_hex,
          enter_bailey_7
D:11:     layout_stronghold, corexii_leaking_fountain, small_statue_intersection
D:12:     layout_basic, minmay_hidden_floor
D:13:     layout_basic, nzn_ghost_randoct, minmay_misc_feat_five,
          blue_anna_alchemist
D:14:     layout_loops_ring, lightli_vaults_fourway_checkpoint,
          minmay_stone_trees_small
Temple:   dpeg_three_leaves_temple
Lair:1:   layout_chaotic_city, chequers_serial_rivers_small_3,
          infiniplex_staircase_pool_2
Lair:2:   layout_roguey, minmay_shoals_entry_beasts, dummy_spider_entry,
          special_room [special_room_bee]
Lair:3:   layout_cave_shapes, nicolae_volcano_entry_vermiform
Lair:4:   layout_gridlike, basic_altar
Lair:5:   hangedman_lair_caniforms_friends, layout_regular_city,
          hangedman_lair_tendril_chambers, dpeg_slime_entry_enclosed,
          nicolae_lair_lil_pond
Orc:1:    layout_caves, gammafunk_ghost_smash, uniq_snorg, uniq_harold,
          uniq_sonja
Orc:2:    st_orc_open, layout_caves, portal_ice_cave_entry_animals_and_master

Skill      XL: |  1  2  3  4  5  6  7  8  9 10 11 12 13 14 15 |
---------------+----------------------------------------------+-----
Spellcasting   | 3 4 5 6 8 10 11 | 11.0
Summonings     | 5 6 8 10 11 12 | 12.1
Hexes          | 2 3 |  3.0
Air Magic      | 1 2 4 6 10 12 | 12.9
Fighting       | 6 8 10 | 10.4
Dodging        | 6 9 10 | 10.6
Translocations | 4 |  4.0
Transmutations | 5 9 12 | 12.2
Stealth        | |  2.6

Action                     |  1- 3 |  4- 6 |  7- 9 | 10-12 | 13-15 | 16-18 || total
---------------------------+-------+-------+-------+-------+-------+-------++-------
  Melee: Unarmed           |    18 |    19 |     9 |     2 |       |       ||    48
         Constrict         |     6 |     5 |     5 |     6 |    13 |       ||    35
         Tentacles         |     3 |     2 |     3 |     5 |     7 |       ||    20
         Mace              |       |       |       |    14 |       |       ||    14
         Punch             |       |       |       |     1 |       |       ||     1
         Scimitar          |       |       |       |    10 |    30 |       ||    40
   Cast: Summon Small Mamm |    24 |    22 |    29 |    35 |     4 |       ||   114
         Call Imp          |     6 |    17 |    23 |    37 |     3 |       ||    86
         Call Canine Famil |       |    29 |    30 |    56 |    31 |     1 ||   147
         Summon Guardian G |       |     1 |    18 |    44 |    22 |       ||    85
         Summon Lightning  |       |       |    12 |    57 |    28 |       ||    97
         Summon Cactus Gia |       |       |       |    10 |   111 |     1 ||   122
         Summon Mana Viper |       |       |       |     6 |    92 |     2 ||   100
         Summon Forest     |       |       |       |     2 |    30 |     1 ||    33
 Invoke: Call Merchant     |       |       |       |     2 |     4 |       ||     6
  Evoke: Wand              |       |       |       |     2 |     3 |       ||     5
    Use: Scroll            |       |       |     5 |    13 |     5 |       ||    23
         Potion            |       |       |     1 |       |     3 |     1 ||     5
   Stab: Distracted        |       |       |       |     1 |       |       ||     1
 Armour: Skin              |     2 |     1 |       |     6 |     7 |       ||    16
  Dodge: Dodged            |     7 |    21 |    39 |    89 |   190 |     5 ||   351

Table legend: (Time is in decaauts)
 A = Elapsed time spent in this place.
 B = Non-inter-level travel time spent in this place.
 C = Inter-level travel time spent in this place.
 D = Time resting spent in this place.
 E = Time spent auto-exploring this place.
 F = Levels seen in this place.
 G = Mean time per level.
                   A        B        C        D        E       F      G
               +--------+--------+--------+--------+--------+-----+--------+
         Total |  31803 |  30950 |    853 |   3093 |  21932 |  25 | 1272.1 |
       Dungeon |  18191 |  17676 |    515 |   1957 |  12824 |  14 | 1299.4 |
        Temple |     98 |     88 |     10 |      0 |     73 |   1 |   98.0 |
          Lair |   9253 |   9027 |    226 |    610 |   6851 |   5 | 1850.6 |
  Orcish Mines |   2420 |   2320 |    100 |    209 |   1401 |   2 | 1210.0 |
        Bailey |    463 |    463 |      0 |    142 |    165 |   1 |  463.0 |
      Ice Cave |   1076 |   1076 |      0 |    175 |    559 |   1 | 1076.0 |
       Volcano |    298 |    298 |      0 |      0 |     59 |   1 |  298.0 |
               +--------+--------+--------+--------+--------+-----+--------+

Top non-repeatable levels by time:
  Lair:5: 3513 daAuts
    D:12: 2851 daAuts
     D:6: 2131 daAuts
  Lair:2: 1883 daAuts
     D:8: 1788 daAuts
  Lair:4: 1542 daAuts
     D:3: 1471 daAuts
    D:13: 1395 daAuts
     D:7: 1316 daAuts
    D:10: 1302 daAuts
     D:4: 1292 daAuts
   Orc:1: 1223 daAuts
   Orc:2: 1197 daAuts
  Lair:3: 1168 daAuts
    D:11: 1154 daAuts
